 Dungeon Crawl Stone Soup version 0.21.1-1-g345015f (webtiles) character file.

49 tidbits the Cutter (level 3, 28/28 HPs)
             Began as a Gnoll Wanderer on June 9, 2018.
             Quit the game on level 3 of the Dungeon.
             The game lasted 00:04:26 (529 turns).

tidbits the Cutter (Gnoll Wanderer)                  Turns: 529, Time: 00:04:26

Health: 28/28      AC:  4    Str: 15    XL:     3   Next: 77%
Magic:  4/4        EV: 12    Int: 15    God:
Gold:   90         SH:  0    Dex: 13    Spells: 3/3 levels left

rFire    . . .     SeeInvis .   f - +0 dagger
rCold    . . .     Gourm    .   (no shield)
rNeg     . . .     Faith    .   a - +0 leather armour
rPois    .         Spirit   .   E - +0 helmet
rElec    .         Reflect  .   (no cloak)
rCorr    .         Harm     .   (no gloves)
MR       .....                  (no boots)
Stlth    ++........             R - amulet of regeneration
HPRegen  0.49/turn              (no ring)
MPRegen  0.09/turn              (no ring)

@: no status effects
A: distributed training, fangs 1, strong nose
a: no special abilities


You were on level 3 of the Dungeon.
You were not hungry.

You visited 1 branch of the dungeon, and saw 3 of its levels.

You collected 90 gold pieces.

Inventory:

Hand Weapons
 e - a +0 club
 f - a +0 dagger (weapon)
Missiles
 b - 3 throwing nets (quivered) {!f}
 h - 35 arrows
Armour
 a - a +0 leather armour (worn)
 E - a +0 helmet (worn)
Jewellery
 k - an uncursed amulet of harm {unknown}
   (You found it on level 2 of the Dungeon)
 R - an amulet of regeneration (around neck)
   (You found it on level 1 of the Dungeon)
Scrolls
 d - a scroll of teleportation
 i - a scroll of remove curse {unknown}
 j - 3 scrolls of identify {unknown}
 l - a scroll of immolation {unknown}
Potions
 c - a potion of lignification
Comestibles
 g - 3 rations


   Skills:
 + Level 2.6 Fighting
 + Level 6.5 Short Blades
 + Level 4.5 Long Blades
 + Level 0.9 Axes
 + Level 0.9 Maces & Flails
 + Level 0.9 Polearms
 + Level 0.9 Staves
 + Level 0.9 Slings
 + Level 0.9 Bows
 + Level 0.9 Crossbows
 + Level 2.6 Throwing
 + Level 0.9 Armour
 + Level 2.6 Dodging
 + Level 4.2 Stealth
 + Level 0.9 Shields
 + Level 0.9 Unarmed Combat
 + Level 0.9 Spellcasting
 + Level 0.6 Conjurations
 + Level 0.6 Hexes
 + Level 0.6 Charms
 + Level 0.6 Summonings
 + Level 0.6 Necromancy
 + Level 0.6 Translocations
 + Level 0.6 Transmutations
 + Level 0.6 Fire Magic
 + Level 0.6 Ice Magic
 + Level 0.6 Air Magic
 + Level 0.6 Earth Magic
 + Level 0.6 Poison Magic
 + Level 1.0 Invocations
 + Level 0.9 Evocations


You had 3 spell levels left.
You didn't know any spells.

Dungeon Overview and Level Annotations

Branches:
Dungeon (3/15)

Altars:
Gozag

Annotations:
D:3 Jaiteiro's ghost, amateur VSFi


Innate Abilities, Weirdness & Mutations

Your experience applies equally to all skills.
You have very sharp teeth.
Your uncanny sense of smell can sniff out nearby items.


Message History

The helpless adder fails to defend itself.
You impale the adder!!
You kill the adder!
You see here an adder corpse.
An adder comes into view.
A leopard gecko comes into view.
The leopard gecko hisses angrily.
Throwing (i - inventory):
b - 4 throwing nets (quivered)
{!f}
Press: ? - help, Shift-Dir - straight line, f - adder
Aim: an adder Really fire
b - 4 throwing nets {!f}?
You throw a throwing net {!f}.
The throwing net {!f} barely misses the adder.
The adder bites you. The adder bites you but does no damage.
Throwing (i - inventory):
b - 3 throwing nets (quivered)
{!f}
Press: ? - help, Shift-Dir - straight line, f/p - adder
Aim: an adder Really fire
b - 3 throwing nets {!f}?
You throw a throwing net {!f}.
The throwing net {!f} closely misses the adder.
The adder bites you.
Throwing (i - inventory):
b - 2 throwing nets (quivered)
{!f}
Press: ? - help, Shift-Dir - straight line, f/p - adder
Aim: an adder Really fire
b - 2 throwing nets {!f}?
You throw a throwing net {!f}. The throwing net {!f} hits the adder.
The adder is caught in the net!
The leopard gecko bites you.
The adder struggles against the net.
You hit the adder.
The adder is lightly wounded.
The leopard gecko closely misses you.
You hit the adder but do no damage.
The adder is lightly wounded.
The adder struggles against the net.
The leopard gecko barely misses you.
You hit the adder.
The adder is moderately wounded.
The adder struggles against the net.
The net rips apart, and the adder comes free!
The leopard gecko closely misses you.
You hit the adder.
The adder is severely wounded.
The adder closely misses you.
You hit the adder.
You kill the adder!
Your Invocations skill increases to level 1!
The leopard gecko misses you. The leopard gecko bites you.
The leopard gecko barely misses you.
Things that are here:
2 throwing nets {!f}; an adder corpse You hit the leopard gecko.
You punch the leopard gecko, but do no damage.
Your bite misses the leopard gecko.
The leopard gecko is severely wounded.
You hit the leopard gecko. Your bite misses the leopard gecko.
The leopard gecko is almost dead.
The leopard gecko barely misses you.
You miss the leopard gecko.
The leopard gecko is almost dead.
The leopard gecko bites you but does no damage.
You hit the leopard gecko.
You kill the leopard gecko!
b - 3 throwing nets {!f} (gained 2)
A kobold comes into view. It is wielding a short sword.
The kobold shouts!
The kobold throws a stone.
The stone closely misses you.
The kobold throws a stone.
The stone barely misses you.
An orc comes into view. It is wielding a whip.
The orc picks up some gold.
The kobold hits you with a short sword.
Found a leatherbound book.
The orc shouts!
You hit the kobold but do no damage. Your bite misses the kobold.
The kobold hits you with a short sword.
A bat comes into view.
The kobold throws a stone.
The stone hits you but does no damage.
You see here a stone.
The kobold hits you with a short sword.
The kobold throws a stone.
The stone hits you but does no damage.
You see here 2 stones.
The kobold throws a stone.
The stone hits you but does no damage.
A jackal comes into view.
The jackal moves out of view.
The kobold closely misses you.
You hit the kobold.
The kobold is severely wounded.
The jackal barks!
You hit the kobold.
You kill the kobold!
You see here 2 stones.
You hit the orc. You bite the orc, but do no damage.
The orc is severely wounded.
The orc closely misses you.
You hit the orc.
The orc is almost dead.
An adder and a jackal come into view.
The adder hisses angrily.
The jackal barks!
You hit the orc.
You kill the orc!
A jackal comes into view.
The jackal barks!
Jaiteiro's ghost (amateur Vine Stalker Fighter) comes into view.
Are you sure you want to abandon this character and quit the game? (Confirm with "yes".)

##. #..# #.. #..+
... # #..# ... ∆h
. #..##+# #.#
.##.. #..#..#
#..#..:
###..#h####.#..
#....h@h....W#
#.#..######).#
##.#..#...()..#
#........S##..#
#.#######...#.####
# #..(.(.....
#.######### #..#
#††#


You could see Jaiteiro's ghost (wandering) and 3 jackals.

Vanquished Creatures
  2 adders (D:3)
  An ooze (D:2)
  A worm (D:2)
  2 leopard geckos
  An orc (D:3)
  2 giant cockroaches (D:2)
  A goblin (D:1)
  2 hobgoblins
  2 jackals (D:2)
  4 kobolds
  3 frilled lizards
  A rat (D:2)
22 creatures vanquished.

Notes
Turn   | Place    | Note
-------+----------+-------------------------------------------
     0 | D:1      | tidbits the Gnoll Wanderer began the quest for the Orb.
     0 | D:1      | tidbits set off with: a +0 leather armour, 4 throwing nets {!f}, a potion of lignification, a scroll of teleportation, a +0 club, a +0 dagger, a ration
     0 | D:1      | Reached XP level 1. HP: 17/17 MP: 1/1
   237 | D:2      | Reached XP level 2. HP: 23/23 MP: 2/2
   254 | D:2      | Found an opulent altar of Gozag.
   390 | D:2      | Reached XP level 3. HP: 26/28 MP: 3/3
   494 | D:3      | Reached skill level 1 in Invocations
   528 | D:3      | Noticed Jaiteiro's ghost (amateur VSFi)
   529 | D:3      | Quit the game

Skill      XL: |  1  2  3 |
---------------+----------+-----
Invocations    | 1 |  1.0
Fighting       | |  2.6
Short Blades   | |  6.5
Long Blades    | |  4.5
Axes           | |  0.9
Maces & Flails | |  0.9
Polearms       | |  0.9
Staves         | |  0.9
Slings         | |  0.9
Bows           | |  0.9
Crossbows      | |  0.9
Throwing       | |  2.6
Armour         | |  0.9
Dodging        | |  2.6
Stealth        | |  4.2
Shields        | |  0.9
Unarmed Combat | |  0.9
Spellcasting   | |  0.9
Conjurations   | |  0.6
Hexes          | |  0.6
Charms         | |  0.6
Summonings     | |  0.6
Necromancy     | |  0.6
Translocations | |  0.6
Transmutations | |  0.6
Fire Magic     | |  0.6
Ice Magic      | |  0.6
Air Magic      | |  0.6
Earth Magic    | |  0.6
Poison Magic   | |  0.6
Evocations     | |  0.9

Action                   || total
-------------------------++-------
Melee: Dagger            ||   112
       Bite              ||    10
       Punch             ||     1
Throw: Throwing net      ||     3
 Stab: Sleeping          ||     4
Armor: Leather armour    ||    16
Dodge: Dodged            ||    48

Table legend:
 A = Turns spent in this place as a percentage of turns spent in the entire game.
 B = Non-inter-level travel turns spent in this place as a percentage of non-inter-level travel turns spent in the entire game.
 C = Inter-level travel turns spent in this place as a percentage of turns spent in this place.
 D = Turns resting spent in this place as a percentage of non-inter-level travel turns spent in this place.
 E = Turns spent auto-exploring this place as a percentage of non-inter-level travel turns spent in this place.
 F = Non-inter-level travel turns spent in this place divided by the number of levels of this place that you've seen.
                   A       B       C       D       E      F
               +-------+-------+-------+-------+-------+----------------------
         Total | 100.0 | 100.0 |   4.3 |   0.0 |   0.0 | 168.7
       Dungeon | 100.0 | 100.0 |   4.3 |   0.0 |   0.0 | 168.7
               +-------+-------+-------+-------+-------+----------------------

Table legend:
 A = Kills in this place as a percentage of kills in entire the game.
 B = Kills by you in this place as a percentage of kills by you in the entire game.
 C = Kills by friends in this place as a percentage of kills by friends in the entire game.
 D = Other kills in this place as a percentage of other kills in the entire game.
 E = Experience gained in this place as a percentage of experience gained in the entire game.
 F = Experience gained in this place divided by the number of levels of this place that you have seen.
                   A       B       C       D       E      F
               +-------+-------+-------+-------+-------+----------------------
         Total | 100.0 | 100.0 |   N/A |   N/A | 100.0 |  23.7
       Dungeon | 100.0 | 100.0 |   N/A |   N/A | 100.0 |  23.7
               +-------+-------+-------+-------+-------+----------------------

Vault maps used:
D:1:      minmay_arrival_five_plusses
D:2:      minmay_wonky_spiral, nicolae_overflow_hidden_temple,
          nicolae_gozag_cash_rules_everything_around_me
D:3:      chequers_ecumenical_altar_island, serial_glass, glass_columns_a,
          glass_columns_c, first_ration, minmay_liquid_box,
          lemuel_blue_sif_altar
